 Dungeon Crawl Stone Soup version 0.30.1-4-g462c640d31 (webtiles) character file.

Game seed: 3102252272668141074

587 spardeous the Conjurer (level 6, -5/45 HPs)
             Began as a Demigod Conjurer on Aug 11, 2023.
             Slain by an orc warrior
             ... wielding a +0 dire flail
              (7 damage)
             ... on level 4 of the Dungeon.
             The game lasted 00:08:06 (4739 turns).

spardeous the Conjurer (Demigod Conjurer)           Turns: 4739, Time: 00:08:06

Health: -5/45      AC:  6    Str: 12    XL:     6   Next: 92%
Magic:  13/13      EV: 11    Int: 26    God:
Gold:   37         SH:  0    Dex: 18    Spells: 4/11 levels left

rFire   . . .        c - +0 dagger
rCold   . . .        (no shield)
rNeg    . . .        j - +0 ring mail
rPois   .            (no helmet)
rElec   .            f - +0 cloak
rCorr   .            (no gloves)
SInv    .            (no boots)
Will    .....        (no amulet)
Stlth   +            m - ring of flight
HPRegen 0.27/turn    z - ring of Insomnia {Int+2 Dex+6}
MPRegen 0.13/turn

%: no passive effects
@: flying
A: high MP 1, forlorn, divine attributes
a: no special abilities


You were on level 4 of the Dungeon.
You visited 1 branch of the dungeon, and saw 4 of its levels.
You also visited: Sewer.

You collected 177 gold pieces.
You spent 140 gold pieces at shops.

Inventory:

Hand Weapons
 c - a +0 dagger (weapon)
Armour
 a - a +0 robe
 f - a +0 cloak (worn)
 j - a +0 ring mail (worn)
Magical Staves
 u - a staff of fire
Jewellery
 m - a ring of flight (left hand)
 z - the ring of Insomnia (right hand) {Int+2 Dex+6}
   (You bought it in a shop on level 3 of the Dungeon)

   [ring of dexterity]

   Int:       It affects your intelligence (+2).
   Dex:       It affects your dexterity (+6).
Wands
 A - a wand of flame (21)
Scrolls
 d - a scroll of fog {unknown}
 e - 6 scrolls of identify {unknown}
 h - a scroll of immolation {unknown}
 p - 2 scrolls of teleportation {unknown}
 q - 4 scrolls of magic mapping {unknown}
 r - a scroll of noise {unknown}
 v - a scroll of enchant armour {unknown}
 w - a scroll of enchant weapon {unknown}
 x - a scroll of summoning {unknown}
 y - a scroll of fear {unknown}
 C - a scroll of blinking {unknown}
Potions
 b - 2 potions of magic
 g - a potion of heal wounds {unknown}
 i - a potion of haste {unknown}
 k - a potion of berserk rage {unknown}
 l - a potion of attraction {unknown}
 n - a potion of mutation {unknown}
 o - a potion of might {unknown}
 s - 2 potions of curing {unknown}
 t - a potion of ambrosia {unknown}
 B - a potion of flight {unknown}


   Skills:
 - Level 1.7 Dodging
 - Level 1.7 Stealth
 - Level 3.1 Spellcasting
 - Level 6.3 Conjurations
 + Level 3.5 Translocations


You had 4 spell levels left.
You knew the following spells:

 Your Spells              Type           Power      Damage    Failure   Level
a - Magic Dart            Conj           100%       1d8       1%          1
b - Searing Ray           Conj           74%        2d7       2%          2
c - Iskenderun's Mystic   Conj/Tloc      29%        2d7       28%         4

Your spell library contained the following spells:

 Spells                   Type           Power      Damage    Failure   Level
 Dazzling Flash           Conj/Hex       40%        N/A       17%         3
 Fulminant Prism          Conj/Hex       10%        3d9       50%         4


Dungeon Overview and Level Annotations

Branches:
Dungeon (4/15)             Temple (0/1) D:4           Sewer (visited)

Shops:
D:3 *[**


Innate Abilities, Weirdness & Mutations

You have an increased reservoir of magic. (+10% MP)
You shall have no god before yourself.
Your divine heritage dramatically boosts your attributes as you level up.


Message History

Aiming: Searing Ray (safe; 2% risk of failure)
Press: ? - help, Shift-Dir - straight line, f/p - orc warrior
Aim: an orc warrior, wielding a +0 dire flail and wearing a +0 chain mail (severely wounded, 78% to hit)
The searing ray hits the orc warrior.
The orc warrior is almost dead.
The searing ray hits the orc wizard.
The orc wizard is heavily wounded.
The searing ray hits the orc.
The orc is severely wounded. (Press . to maintain the ray.)
The orc warrior misses you.
You now have 4/13 mp.
The searing ray hits the orc warrior.
The orc warrior is almost dead.
The searing ray hits the orc wizard!
You kill the orc wizard!
The searing ray hits the orc.
You kill the orc!
The orc warrior hits you but does no damage.
You now have 3/13 mp.
The searing ray misses the orc warrior.
The orc warrior hits you with a +0 dire flail.
* * * LOW HITPOINT WARNING * * *
You take 5 damage, and have 16/45 hp.
You now have 2/13 mp.
Unknown command.
The searing ray hits the orc warrior but does no damage.
The orc warrior is almost dead.
You finish channelling your searing ray.
The orc warrior hits you with a +0 dire flail!
* * * LOW HITPOINT WARNING * * *
You take 14 damage, and have 2/45 hp.
MASSIVE DAMAGE!!
You now have 1/13 mp.
Casting: Searing Ray (safe; 2% risk of failure)
Confirm with . or Enter, or press ? or * to list all spells.
You don't have enough magic to cast this spell.
Okay, then.
Okay, then.
Okay, then.
Magic courses through your body.
The orc warrior hits you with a +0 dire flail!
You die...

#.######...##.##.#..##.#.
#.................... ...
#######..........##. ...
##.##.....## #.. ###
#.###...## #.. ..# ##.##
#.########.#
#.#####....####
#.))o@........#
#..######.###..# #..#
##.# .... #.o# #.# ##.
#..# .# #..# # #[o# ##o#
#...$$o..


You could see an orc warrior.

Vanquished Creatures
  A black bear (D:4)
  2 kobold brigands (Sewer)
  An orc priest (D:4)
  An iguana (D:4)
  Ijyb (D:4)
  2 orc wizards (D:4)
  5 adders
  6 river rats (Sewer)
  An ufetubus (D:4)
  5 worms
  2 dart slugs
  7 orcs
  5 bats
  3 endoplasms
  4 giant cockroaches
  17 goblins
  2 hobgoblins
  7 jackals
  7 kobolds
  2 quokkas
  8 ball pythons
  6 frilled lizards
  10 rats
105 creatures vanquished.

Notes
Turn   | Place    | Note
-------+----------+-------------------------------------------
     0 | D:1      | spardeous the Demigod Conjurer began the quest for the Orb.
     0 | D:1      | Reached XP level 1. HP: 14/14 MP: 5/5
   491 | D:1      | Reached XP level 2. HP: 20/20 MP: 4/7
   572 | D:1      | Learned a level 2 spell: Searing Ray
   755 | D:1      | Reached skill level 4 in Conjurations
  1404 | D:2      | Reached XP level 3. HP: 25/26 MP: 5/9
  2348 | D:3      | Found Xuago's Assorted Antiques.
  2357 | D:3      | Found Kashre's General Store.
  2399 | D:3      | Found Zurasot's General Store.
  2437 | D:3      | Reached XP level 4. HP: 33/33 MP: 6/11
  2674 | D:3      | Found Ehaisk's Armour Shoppe.
  2818 | D:3      | Found a glowing drain.
  2831 | Sewer    | Entered a sewer
  2974 | Sewer    | Noticed a kobold brigand
  3017 | Sewer    | Killed a kobold brigand
  3018 | Sewer    | Reached skill level 5 in Conjurations
  3018 | Sewer    | Reached XP level 5. HP: 32/38 MP: 2/12
  3023 | Sewer    | Learned a level 4 spell: Iskenderun's Mystic Blast
  3433 | Sewer    | Reached skill level 6 in Conjurations
  3606 | Sewer    | Reached XP level 6. HP: 44/45 MP: 4/13
  4137 | D:3      | Bought a twitching brass ring for 140 gold pieces
  4137 | D:3      | Identified the ring of Insomnia {Int+2 Dex+6} (You bought
                  | it in a shop on level 3 of the Dungeon)
  4258 | D:4      | Noticed Ijyb
  4266 | D:4      | Killed Ijyb
  4267 | D:4      | Reached skill level 1 in Translocations
  4535 | D:4      | Found a staircase to the Ecumenical Temple.
  4738 | D:4      | HP: 2/45 [orc warrior/+0 dire flail (14)]
  4739 | D:4      | Slain by an orc warrior

Illustrated notes

Levels and vault maps discovered:
D:1:      lightli_arrival_windingriver, layout_loops_cross,
          shapermc_ecumenical_altar_petra, skrybe_limestone_x,
          hangedman_decor_lopped
D:2:      layout_loops_cross, basic_altar, minmay_surrounded
D:3:      kennysheep_six_static_rooms, layout_rooms, serial_shops,
          nicolae_shop_stone, shop, shop, shop, portal_sewer_entry_d
D:4:      kennysheep_the_goblin_king, layout_loops_cross,
          minmay_temple_entry_ruins, ebering_ghost_disaster_area,
          guppyfry_early_orc_mine

Skill      XL: |  1  2  3  4  5  6 |
---------------+-------------------+-----
Spellcasting   | 2 3 |  3.1
Conjurations   | 4 5 6 |  6.3
Translocations | 3 |  3.5
Dodging        | |  1.7
Stealth        | |  1.7

Action                     |  1- 3 |  4- 6 || total
---------------------------+-------+-------++-------
  Melee: Unarmed           |     1 |       ||     1
         Dagger            |       |    58 ||    58
         Punch             |       |     1 ||     1
   Cast: Magic Dart        |    96 |    90 ||   186
         Searing Ray       |     4 |    17 ||    21
    Use: Potion            |       |     1 ||     1
 Armour: Robe              |     9 |       ||     9
         Ring mail         |     3 |    32 ||    35
  Dodge: Dodged            |    20 |    39 ||    59
